 Dungeon Crawl Stone Soup version 0.30.0-16-gbe6223bb7e (webtiles) character file.

Game seed: 11776956189346026220

39 grizmgrazm2 the Digger (level 3, 0/19 HPs)
             Began as a Vampire Earth Elementalist on May 20, 2023.
             Slain by Sigmund
             ... wielding a +0 scythe
              (4 damage)
             ... on level 2 of the Dungeon.
             The game lasted 00:01:41 (1110 turns).

grizmgrazm2 the Digger (Vampire Earth Elementalist) Turns: 1110, Time: 00:01:41

Health: 0/19       AC:  2    Str:  7    XL:     3   Next: 28%
Magic:  4/6        EV: 12    Int: 19    God:
Gold:   49         SH:  0    Dex: 14    Spells: 6/7 levels left

rFire   . . .        e - +0 dagger (vamp)
rCold   + + +        (no shield)
rNeg    + + +        a - +0 robe
rPois   ∞            (no helmet)
rElec   .            (no cloak)
rCorr   .            (no gloves)
SInv    +            (no boots)
Will    .....        (no amulet)
Stlth   ++++         d - ring of protection from cold
HPRegen 0.00/turn    (no ring)
MPRegen 0.10/turn

%: no passive effects
@: bloodless, inhibited regen
A: bloodless, fangs 3, see invisible, vampiric 2
a: Bat Form, Revivify


You were on level 2 of the Dungeon.
You visited 1 branch of the dungeon, and saw 2 of its levels.

You collected 49 gold pieces.

Inventory:

Hand Weapons
 e - a +0 vampiric dagger (weapon)
Armour
 a - a +0 robe (worn)
Jewellery
 d - a ring of protection from cold (left hand)
Scrolls
 c - 3 scrolls of identify {unknown}
 g - a scroll of noise {unknown}
 h - a scroll of enchant armour {unknown}
 i - a scroll of fog {unknown}
Potions
 b - a potion of magic
 f - a potion of lignification {unknown}
 j - a potion of invisibility {unknown}
 k - 2 potions of mutation {unknown}


   Skills:
 + Level 2.5 Dodging
 + Level 3.5 Stealth
 + Level 2.5 Spellcasting
 + Level 1.1 Transmutations
 + Level 3.6 Earth Magic


You had 6 spell levels left.
You knew the following spells:

 Your Spells              Type           Power      Damage    Failure   Level
a - Sandblast             Erth           32%        2d9       3%          1

Your spell library contained the following spells:

 Spells                   Type           Power      Damage    Failure   Level
 Passwall                 Tmut/Erth      9%         N/A       9%          2
 Stone Arrow              Conj/Erth      18%        3d8       22%         3
 Petrify                  Tmut/Erth      11%        N/A       52%         4


Dungeon Overview and Level Annotations

Branches:
Dungeon (2/15)

Altars:

Shops:
D:1 ?

Annotations:
D:2 Sigmund


Innate Abilities, Weirdness & Mutations

You do not regenerate when monsters are visible.
You are frail without blood (-20% HP).
You can heal yourself when you bite living creatures.
You are immune to poison.
You have razor-sharp teeth.
You have supernaturally acute eyesight. (SInv)
You are afflicted with vampirism and can become a bat while bloodless.


Message History

You kill the jackal!
The blast of sand misses the jackal.
The jackal closely misses you. The jackal bites you.
The jackal barely misses you.
The blast of sand hits the jackal!
You kill the jackal!
A worm comes into view.
You can't see any susceptible monsters within range! (Use Z to cast anyway.)
The blast of sand hits the worm!
The worm is heavily wounded.
The blast of sand hits the worm.
The worm is heavily wounded.
The blast of sand hits the worm!
You kill the worm!
HP restored.
Magic restored.
k - 2 metallic blue potions You now have 49 gold pieces (gained 18).
Sigmund the Dreaded comes into view.
He is wielding a +0 scythe.
Found 8 gold pieces.
The helpless Sigmund fails to defend himself.
You bite Sigmund, and draw his blood! You puncture Sigmund!
Sigmund is moderately wounded.
Sigmund misses you.
The blast of sand misses Sigmund.
Sigmund hits you with a +0 scythe!
The blast of sand hits Sigmund!
Sigmund is heavily wounded.
Sigmund hits you with a +0 scythe!
* * * LOW HITPOINT WARNING * * *
You closely miss Sigmund.
Sigmund is heavily wounded.
You barely miss Sigmund.
Sigmund is heavily wounded.
Sigmund hits you with a +0 scythe.
You die...

#.....##......
#....##.#..#.
#....##.#..#. #
#.......#..# #.
#.....####.#
#.#######.....#
..
#............##
...
##....########
... #.@@.#
#......#
#..$##..# #.###
#.... #. ####
#. #


You could see Sigmund.

Vanquished Creatures
  A worm (D:2)
  8 endoplasms
  A giant cockroach (D:1)
  2 goblins (D:1)
  3 hobgoblins (D:1)
  5 jackals
  2 quokkas (D:1)
  A ball python (D:1)
  3 bats (D:1)
  2 kobolds (D:1)
  3 rats
31 creatures vanquished.

Notes
Turn   | Place    | Note
-------+----------+-------------------------------------------
     0 | D:1      | grizmgrazm2 the Vampire Earth Elementalist began the quest
                  | for the Orb.
     0 | D:1      | Reached XP level 1. HP: 13/13 MP: 3/3
   241 | D:1      | Reached XP level 2. HP: 19/19 MP: 3/5
   374 | D:1      | Found Pouceibu's Magic Scroll Emporium.
   834 | D:1      | Gained mutation: You are afflicted with vampirism and can
                  | become a bat while bloodless. [Vampire growth]
   834 | D:1      | Reached XP level 3. HP: 16/19 MP: 4/6
  1099 | D:2      | Noticed Sigmund
  1110 | D:2      | Slain by Sigmund

Illustrated notes

Levels and vault maps discovered:
D:1:      heliophobic_arrival_battle_scene, layout_basic, serial_shops, shop,
          grunt_decor_one_mirror, minmay_cupped
D:2:      layout_rooms, minmay_liquid_box, serial_bayou_ford_a, uniq_sigmund,
          uniq_natasha

Action                     || total
---------------------------++-------
  Melee: Dagger            ||    39
         Punch             ||     1
   Cast: Sandblast         ||    33
Ability: Exsanguinate      ||     1
   Stab: Sleeping          ||    11
 Armour: Robe              ||     7
  Dodge: Dodged            ||    33
